AoeStats
← RoR | Ammiraglio

Hill Fort

506419531Analyzed
4v4 RM · 18d ago on Sep 13, 2026· 32m 56s· 8 players
Game mode
Random Map
Map size
Large (8 player)
Population
200
Speed
Normal
Resources
Standard
Victory
Conquest
Starting age
Dark Age
Ending age
Imperial Age
RankedLock teamsTeams togetherTeam positionsShared explorationLock speedFull tech treeHidden civsTurbo modeCheats
Victory
Defeat
🇭🇰 Franks · Hong Kong SAR China
1797
+14
🇯🇵 Malians · Japan
1709
+17
🇭🇰 Burgundians · Hong Kong SAR China
1708
+17
🇭🇰 Cumans · Hong Kong SAR China
1680
+18
🇮🇹 Bengalis · Italy
1896
-23
🇮🇹 Turks · Italy
1854
-21
🇮🇹 Vietnamese · Italy
1604
-11
🇮🇹 Dravidians · Italy
1592
-11
NeeNee
10:53 Feudal Age
13:04 Loom
17:04 Castle Age
15:20 Double-Bit Axe
15:46 Horse Collar
17:57 Bow Saw
17:48 Heavy Plow
19:28 Scale Mail Armor
23:29 Arson
26:26 Chain Mail Armor
29:21 Wheelbarrow
28:57 Forging
33:24 Imperial Age
32:01 Iron Casting
33:25 Hand Cart
32:55 Town Watch
MJAI
10:41 Feudal Age
11:13 Feudal Age
15:26 Castle Age
14:11 Double-Bit Axe
18:18 Bow Saw
20:28 Wheelbarrow
20:00 Scale Barding Armor
20:18 Loom
23:03 Forging
23:04 Gold Mining
23:08 Stone Mining
24:10 Husbandry
25:21 Hand Cart
26:42 Chain Barding Armor
28:48 Iron Casting
33:30 Imperial Age
_luN
8:20 Feudal Age
10:10 Double-Bit Axe
10:51 Horse Collar
12:32 Loom
17:22 Wheelbarrow
18:24 Gold Mining
20:35 Castle Age
19:27 Scale Barding Armor
20:27 Forging
21:13 Bloodlines
21:54 Bow Saw
21:46 Heavy Plow
23:26 Chain Barding Armor
24:03 Iron Casting
24:00 Hand Cart
24:57 Capped Ram
30:37 Gold Shaft Mining
30:27 Hand Cart
30:38 Pikeman
33:53 Imperial Age
33:51 Iron Casting
LamarcusLawliet
8:55 Feudal Age
7:48 Double-Bit Axe
9:58 Bow Saw
9:44 Horse Collar
14:34 Wheelbarrow
16:38 Hand Cart
17:02 Gold Mining
18:54 Gold Shaft Mining
21:01 Castle Age
19:18 Heavy Plow
19:34 Scale Barding Armor
19:39 Forging
21:11 Loom
22:29 Chain Barding Armor
22:27 Husbandry
23:31 Two-Man Saw
23:50 Iron Casting
25:45 Medium Warships
28:13 Careening
28:40 Town Watch
30:08 Clinker Construction
30:44 Fletching
30:52 Cavalier
31:56 Bodkin Arrow
32:48 Stone Mining
Old Boris
5:53 Loom
10:38 Feudal Age
11:07 Double-Bit Axe
12:17 Fishing Lines
22:09 Gold Mining
24:47 Castle Age
24:15 Stone Mining
25:59 Fletching
26:09 Padded Archer Armor
27:06 Gold Shaft Mining
27:01 Gillnets
27:11 Bodkin Arrow
27:22 Scale Barding Armor
31:02 Imperial Age
29:18 Medium Warships
29:22 Forging
31:41 Iron Casting
32:39 Chain Barding Armor
32:35 Bloodlines
32:25 Husbandry
MrDJM
11:31 Feudal Age
15:42 Castle Age
14:28 Horse Collar
15:06 Double-Bit Axe
16:51 Fletching
17:06 Loom
17:52 Bodkin Arrow
22:04 Bow Saw
22:25 Bow Saw
22:15 Heavy Plow
24:33 Town Watch
25:25 Wheelbarrow
Mattroid 99
7:44 Loom
11:09 Feudal Age
11:42 Double-Bit Axe
18:08 Fishing Lines
20:23 Town Watch
23:30 Castle Age
26:28 Fletching
RoR | Ammiraglio
9:53 Feudal Age
10:27 Double-Bit Axe
12:48 Fishing Lines
20:16 Castle Age
21:12 Gillnets
21:33 Bow Saw
21:25 Horse Collar
22:23 Wheelbarrow
22:22 Heavy Plow
22:55 Loom
24:05 Caravan
24:19 Stone Mining
24:19 Gold Mining
24:45 Hand Cart
26:20 Fletching
30:17 Imperial Age
28:53 Demolition Ship
29:48 Medium Warships
29:37 Bodkin Arrow
30:24 Elite Janissary
31:12 Padded Archer Armor
32:27 Gold Shaft Mining
Connection lost

Rejoining the realm…

Still unreachable

The connection could not be restored.

Session expired

The server has moved on; the page needs a fresh start.